Map: Ruby Rock LE

Players

SpeCial - Winner!

  • Race: Terran Terran
  • League: Master
  • Spawn Location: 11:00

Peruano

  • Race: Protoss Protoss
  • Spawn Location: 5:00

VOD

Have the link to the VOD?

Description

Time

  • Played on: April 1, 2026, 9:13 p.m.
  • Length: 5:16
Show
View Real Time Build Order
Export as new Build Order

SpeCial Terran - Winner!

Build Orders: 1/1/1, Cyclone Opening 

Get SALT Encoding   

  12  0:00  SCV  
  13  0:12  SCV  
  14  0:17  Supply Depot  
  14  0:24  SCV  
  15  0:38  SCV  
  15  0:40  Barracks  
  16  0:43  Refinery  
  16  0:50  SCV  
  16  0:52  Refinery  
  17  1:03  SCV  
  18  1:15  SCV  
  19  1:28  Marine  
  19  1:29  Orbital Command  
  20  1:32  Factory  
  20  1:39  Supply Depot  
  20  1:47  Barracks Reactor  
  20  1:55  SCV  
  21  2:03  Barracks  
  21  2:07  SCV  
  22  2:16  Factory Tech Lab  
  22  2:17  Starport  
  22  2:19  SCV  
  23  2:24  Marine x2  
  25  2:31  SCV  
  26  2:37  Cyclone  
  26  2:43  Supply Depot  
  29  2:44  Marine  
  29  2:48  Marine  
  31  3:04  Marine, Medivac  
  31  3:05  SCV  
  35  3:06  Supply Depot  
  35  3:08  Marine  
  37  3:22  Siege Tank  
  39  3:28  Supply Depot, Marine x2  
  39  3:29  Marine  
  42  3:41  Liberator  
  42  3:42  SCV  
  46  3:52  Supply Depot, Marine x3  
  49  4:02  Siege Tank  
  52  4:10  Marine x2  
  54  4:20  Marine  
  55  4:35  Marine x2  
  55  4:37  Siege Tank, Marine  
  59  4:57  Marine x2  
Show
View Real Time Build Order
Export as new Build Order

Peruano Protoss 

Build Orders: 1 Gate Expand, Blink Stalkers 

Get SALT Encoding   

  12  0:00  Probe  
  13  0:12  Probe  
  14  0:17  Pylon  
  14  0:25  Probe  
  15  0:34  Probe  
  15  0:35  Gateway  
  15  0:42  Probe  
  16  0:47  Assimilator  
  17  0:52  Probe  
  18  1:04  Probe  
  19  1:16  Probe  
  20  1:23  Cybernetics Core  
  20  1:33  Nexus  
  20  1:41  Pylon  
  20  1:44  Probe  
  21  1:48  Assimilator  
  21  1:49  Adept  
  21  1:56  Probe  
  21  2:01  Warp Gate  
  24  2:08  Probe  
  24  2:10  Stalker  
  25  2:18  Shield Battery  
  25  2:20  Probe  
  28  2:34  Probe  
  29  2:39  Twilight Council, Stalker  
  31  2:46  Probe  
  33  2:51  Probe, Blink  
  33  2:59  Shield Battery, Probe  
  33  3:03  Probe  
  35  3:08  Stalker  
  35  3:11  Probe  
  38  3:13  Probe  
  37  3:23  Probe  
  37  3:24  Probe  
  38  3:32  Gateway  
  39  3:36  Probe  
  39  3:38  Gateway  
  39  3:39  Probe  
  41  3:46  Pylon  
  41  3:48  Probe  
  41  3:52  Probe  
  41  3:55  Stalker  
  45  4:00  Probe  
  46  4:04  Shield Battery, Probe  
  46  4:08  Pylon  
  47  4:12  Probe  
  47  4:16  Gateway  
  48  4:21  Pylon  
  45  4:35  Shield Battery  
  45  4:39  Pylon x2  
  45  4:43  Stalker x3  
  12  5:09  Stalker  
Tags
 
Add a new tag
Caveats
  • Supply blocks, unpowered buildings, or Contaminate may cause inaccurate times.
  • Supply counts are checked every 10 seconds.